 Dungeon Crawl Stone Soup version 0.30-a0-1161-g0704695555 (webtiles) character file.

Game seed: 3688316312202337895

120908 LobsterGuardian the Unseen (level 16, -16/127 HPs)
             Began as a Vampire Brigand on Apr 27, 2023.
             Was the Champion of Dithmenos.
             Demolished by Agnes
             ... wielding a +2 lajatang of speed
              (27 damage)
             ... on level 15 of the Dungeon.
             The game lasted 01:49:12 (26546 turns).

LobsterGuardian the Unseen (Vampire Brigand)       Turns: 26546, Time: 01:49:13

Health: -16/127    AC: 13    Str: 15    XL:     16   Next: 31%
Magic:  23/23      EV: 24    Int: 15    God:    Dithmenos [******]
Gold:   737        SH:  0    Dex: 25    Spells: 13/15 levels left

rFire   + . .        s - +8 dagger (vamp)
rCold   x . .        E - +0 kite shield
rNeg    + . .        P - +3 troll leather armour "Foepotupu" {Regen+ Int+2}
rPois   +            x - +1 helmet
rElec   .            C - scarf {repulsion}
rCorr   .            h - +0 pair of gloves
SInv    +            (no boots)
Will    ++...        y - amulet of regeneration
Stlth   +++++        t - ring of Piukam {rPois rF+ rC- rN+ Str+4}
HPRegen 2.21/turn    F - ring of willpower
MPRegen 0.18/turn

%: repel missiles
@: confused, ambrosia-drunk, healing quickly, wreathed by umbra, studying 2
skills
A: alive, fangs 3, see invisible, vampiric 2, iridescent scales 1, agile 1
a: Exsanguinate, Renounce Religion, Shadow Step, Shadow Form


You were on level 15 of the Dungeon.
You worshipped Dithmenos.
Dithmenos was exalted by your worship.
You visited 3 branches of the dungeon, and saw 22 of its levels.
You also visited: Ossuary.

You collected 1777 gold pieces.
You spent 1040 gold pieces at shops.

Inventory:

Hand Weapons
 a - the +5 demon whip "Spellbinder" {antimagic, disrupt, Will+}
   (You found it on level 11 of the Dungeon)

   Will:      It increases your willpower.
 s - a +8 vampiric dagger (weapon)
Missiles
 d - 14 poisoned darts
 e - 6 curare-tipped darts (quivered)
 l - 5 boomerangs
 n - 4 silver javelins
 o - 152 stones
 r - 13 javelins
Armour
 c - a +1 cloak
 h - a +0 pair of gloves (worn)
 v - a +0 buckler
 x - a +1 helmet (worn)
 C - a scarf of repulsion (worn)
 E - a +0 kite shield (worn)
 P - the +3 troll leather armour "Foepotupu" (worn) {Regen+ Int+2}
   (You took it off an efreet on level 11 of the Dungeon)

   Int:       It affects your intelligence (+2).
   Regen:     It increases your rate of health regeneration.
Jewellery
 b - an amulet of the acrobat
 j - a ring of protection from fire
 t - the ring of Piukam (left hand) {rPois rF+ rC- rN+ Str+4}
   (You found it on level 10 of the Dungeon)

   [ring of protection from fire]

   Str:       It affects your strength (+4).
   rF:        It protects you from fire.
   rC:        It makes you vulnerable to cold.
   rPois:     It protects you from poison.
   rN:        It protects you from negative energy.
 y - an amulet of regeneration (around neck)
 A - an amulet of faith
 F - a ring of willpower (right hand)
 J - a ring of protection from cold
 K - a ring of wizardry
 N - a ring of protection from cold
 O - a ring of positive energy
 T - a ring of magical power
 U - a +6 ring of intelligence
Wands
 i - a wand of flame (68)
 k - a wand of digging (5)
 p - a wand of iceblast (22)
 z - a wand of acid (17)
 H - a wand of paralysis (25)
 I - a wand of mindburst (6)
 W - a wand of polymorph (4)
Scrolls
 f - 5 scrolls of poison
 g - 4 scrolls of silence
 q - 6 scrolls of vulnerability
 B - 12 scrolls of identify
 G - a scroll of noise
 L - 2 scrolls of amnesia
 M - 2 scrolls of magic mapping
 S - 2 scrolls of fog
 X - a scroll of enchant armour
Potions
 m - 2 potions of flight
 u - 5 potions of attraction
 w - a potion of brilliance
 D - a potion of magic
 Q - 3 potions of ambrosia
 R - a potion of resistance
 V - 3 potions of lignification


   Skills:
 * Level 11.9 Fighting
 - Level 10.1 Short Blades
 + Level 11.1 Maces & Flails
 + Level 6.5 Throwing
 + Level 5.0 Armour
 + Level 15.3 Dodging
 + Level 18.0 Stealth
 + Level 7.0 Shields
 - Level 10.0 Invocations
 + Level 1.0 Evocations


You had 13 spell levels left.
You knew the following spells:

 Your Spells              Type           Power      Damage    Failure   Level
a - Blink                 Tloc           0%         N/A       78%         2

Your spell library contained the following spells:

 Spells                   Type           Power      Damage    Failure   Level
 Apportation              Tloc           0%         N/A       65%         1
 Foxfire                  Conj/Fire      0%         2x1d4     65%         1
 Magic Dart               Conj           0%         1d3       65%         1
 Necrotise                Necr           0%         1d4       65%         1
 Sandblast                Erth           0%         2d4       65%         1
 Slow                     Hex            0%         N/A       65%         1
 Summon Small Mammal      Summ           0%         N/A       65%         1
 Call Imp                 Summ           0%         N/A       78%         2
 Cigotuvi's Dreadful Rot  Necr/Pois/Air  0%         N/A       78%         2
 Passwall                 Tmut/Erth      0%         N/A       78%         2
 Call Canine Familiar     Summ           0%         N/A       95%         3
 Confusing Touch          Hex            0%         N/A       95%         3
 Frozen Ramparts          Ice            0%         1d1       95%         3
 Hailstorm                Conj/Ice       0%         3d3       95%         3
 Mephitic Cloud           Conj/Pois/Air  0%         N/A       95%         3
 Ozocubu's Armour         Ice            0%         N/A       95%         3
 Spider Form              Tmut/Pois      0%         N/A       95%         3
 Stone Arrow              Conj/Erth      0%         3d7       95%         3
 Summon Guardian Golem    Hex/Summ       0%         N/A       95%         3
 Vampiric Draining        Necr           0%         2d6       95%         3
 Dispel Undead            Necr           0%         3d6       100%        4
 Ice Form                 Ice/Tmut       0%         N/A       100%        4
 Leda's Liquefaction      Hex/Erth       0%         N/A       100%        4
 Manifold Assault         Tloc           0%         N/A       100%        4
 Olgreb's Toxic Radiance  Pois           0%         N/A       100%        4
 Petrify                  Tmut/Erth      0%         N/A       100%        4
 Summon Ice Beast         Ice/Summ       0%         N/A       100%        4
 Summon Lightning Spire   Summ/Air       0%         N/A       100%        4
 Lee's Rapid Deconstruct  Erth           0%         3d4*      100%        5
 Metabolic Englaciation   Hex/Ice        0%         N/A       100%        5
 Yara's Violent Unravell  Hex/Tmut       0%         3d3       100%        5
 Death Channel            Necr           0%         N/A       100%        6
 Plasma Beam              Fire/Air       0%         2x1d11    100%        6
 Statue Form              Tmut/Erth      0%         N/A       100%        6
 Ozocubu's Refrigeration  Ice            0%         4d7       100%        7
 Spellforged Servitor     Conj/Summ      0%         N/A       100%        7
 Storm Form               Tmut/Air       0%         N/A       100%        7
 Discord                  Hex            0%         N/A       100%        8
 Ignition                 Fire           0%         3d3       100%        8


Dungeon Overview and Level Annotations

Branches:
Dungeon (15/15)            Temple (0/1) D:4            Lair (5/5) D:10
  Swamp (0/4) Lair:3        Snake (2/4) Lair:3        Slime (0/5) Lair:4
    Orc (0/2) D:11         Vaults (0/5) D:13         Depths (0/4) D:15
Ossuary (visited)

Altars:
Dithmenos
Fedhas
Hepliaklqana
Qazlal
Sif Muna
Trog
Xom
Jiyva

Shops:
D:5 [   D:9 :   D:10 ?   D:11 =*:*[   D:13 =:(   D:14 *

Annotations:
D:9 3 runed translucent doors, SirDiesAlot's ghost, novice OgVM
D:10 3 runed translucent doors, petzl's ghost, novice FoDe
D:11 2 runed translucent doors, Maxmaps's ghost, journeyman DsMo
D:15 Agnes
Lair:4 1 runed translucent door
Snake:2 Mlioglotl


Innate Abilities, Weirdness & Mutations

Your natural rate of healing is accelerated.
You have razor-sharp teeth.
You have supernaturally acute eyesight. (SInv)
You are afflicted with vampirism and can become a bat while bloodless.
You are partially covered in iridescent scales. (AC +2)
You are agile. (Dex +4, Str/Int -1)


Message History

Agnes attacks as you move away! Agnes closely misses you.
Agnes closely misses you.
Agnes hits you with a +2 lajatang of speed!
You emit a cloud of dark smoke.
The deep troll shouts!
You miss Agnes.
Agnes is heavily wounded.
Your shadow hits Agnes but does no damage.
Agnes hits you with a +2 lajatang of speed!!
* * * LOW HITPOINT WARNING * * *
You emit a cloud of dark smoke.
Okay, then.
You are too confused!
Okay, then.
You bump into the stone wall.
Agnes is no longer moving slowly.
Agnes looks more healthy.
Agnes completely misses you.
Agnes hits you with a +2 lajatang of speed!
* * * LOW HITPOINT WARNING * * *
The tengu conjurer hits you but does no damage.
The tengu conjurer completely misses you.
The tengu conjurer misses you.
Okay, then.
You are more confused.
You feel more invigorated. Agnes closely misses you. x2
The tengu conjurer hits you but does no damage.
The tengu conjurer barely misses you. The tengu conjurer misses you.
Agnes misses you.
The deep troll bites you but does no damage.
The deep troll claws you.
* * * LOW HITPOINT WARNING * * *
The deep troll misses you.
The deep troll attacks as you move away!
The deep troll bites you but does no damage.
The deep troll misses you. x2
The tengu conjurer attacks as you move away!
The tengu conjurer hits you but does no damage.
The tengu conjurer barely misses you.
The tengu conjurer completely misses you.
Agnes hits you with a +2 lajatang of speed!!
You die...

#.###.###.# #§# #.#
#.###.####.# #.# #.##.#....§#
###### #)######.#.[.#.#
#..... #.##.[...#.....#
#.#### ##.##..#.#*#§#### #.#
##...#.#...#QT§# #.#
#.####.....#§i§# #####.####
#......#..⌠#@§######..<......
#..####.####§§§..........####
##.#>..#...§§######..##### #
###.#.....#.### #..# #
#...#...#.#.# #..# #
##.#.#.#..#.# #..# ####
#...#.....#.# #..# #...
#...#.#####.# #..# #.##
#...#.# ### #..# #.##


You could see Agnes, a deep troll and a tengu conjurer.

Vanquished Creatures
  Rupert (D:15)
  Frances (D:14)
  Kirke (D:12)
  Josephine (D:14)
  5 hydras
  2 vault guards (D:13)
  2 ogre magi
  7 two-headed ogres
  2 catoblepae
  An anaconda (Snake:1)
  4 centaur warriors
  3 tengu warriors
  A death knight (D:15)
  4 boulder beetles
  2 naga warriors (Snake:1)
  A dancing weapon (D:14)
  12 death yaks
  A shock serpent (Snake:1)
  Sonja (Lair:3)
  A skyshark (Lair:1)
  7 skeletal warriors
  2 cherubim (D:14)
  2 necromancers
  2 wizards
  8 cyclopes
  2 deep elf pyromancers
  A wolf spider (D:11)
  3 manticores
  A salamander (Snake:1)
  24 ugly things
  8 elephants
  A guardian serpent (Snake:1)
  A torpor snail (Lair:4)
  12 black mambas
  2 gargoyles
  3 naga magi (Snake:1)
  13 cane toads
  3 unseen horrors
  A rime drake (Lair:3)
  Psyche (D:8)
  7 komodo dragons
  2 efreet
  A yaktaur (D:15)
  2 kobold demonologists (D:11)
  A freezing wraith (D:15)
  2 tengu conjurers (D:14)
  6 trolls
  A hornet (shapeshifter) (D:14)
  7 hornets
  5 polar bears
  Prince Ribbit (D:8)
  5 blink frogs
  4 dream sheep
  7 slime creatures
  Sigmund (D:2)
  34 yaks
  4 wraiths
  20 humans (D:13)
  12 spriggans (Lair:5)
  6 wyverns
  6 basilisks
  3 hogs (D:12)
  A steam dragon (D:9)
  7 vampire mosquitoes
  3 wargs (D:11)
  5 nagas (Snake:1)
  4 acid dragons
  10 water moccasins
  4 black bears
  An ice beast (D:6)
  5 orc warriors
  2 sky beasts (D:6)
  8 boggarts
  36 wolves
  6 centaurs
  A phantom (D:7)
  5 kobold brigands
  4 bullfrogs
  A gnoll sergeant (D:7)
  2 scorpions (D:5)
  11 wights
  A hornet simulacrum (D:15)
  An electric eel (D:6)
  6 howler monkeys
  A lava snake (D:14)
  2 hounds
  2 orc priests
  Terence (D:3)
  3 iguanas
  10 orc wizards
  6 hell rats (Lair:5)
  2 mummies
  Robin (D:2)
  5 gnolls (D:7)
  4 adders
  A shadow imp (D:6)
  2 white imps
  An ufetubus (D:5)
  A worm (D:3)
  5 dart slugs
  29 orcs
  5 endoplasms
  3 giant cockroaches
  A gnoll zombie (Ossuary)
  9 hobgoblins
  29 kobolds
  3 quokkas
  6 ball pythons
  7 bats
  3 frilled lizards (D:1)
  14 goblins
  2 kobold zombies (Ossuary)
  An orc zombie (Ossuary)
  3 rats
  A spectral hobgoblin (D:9)
  A fire vortex (D:14)
575 creatures vanquished.

Vanquished Creatures (others)
  A centaur simulacrum (D:11)
  A centaur (D:13)
  42 fungi
  41 plants
  7 withered plants (Lair:1)
92 creatures vanquished.

Grand Total: 667 creatures vanquished

Notes
Turn   | Place    | Note
-------+----------+-------------------------------------------
     0 | D:1      | LobsterGuardian the Vampire Brigand began the quest for the
                  | Orb.
     0 | D:1      | Reached XP level 1. HP: 16/16 MP: 1/1
    45 | D:1      | Reached skill level 6 in Stealth
   197 | D:1      | Reached XP level 2. HP: 17/17 MP: 2/2
   706 | D:1      | Gained mutation: You are afflicted with vampirism and can
                  | become a bat while bloodless. [Vampire growth]
   706 | D:1      | Reached XP level 3. HP: 21/21 MP: 3/3
   923 | D:2      | Reached skill level 7 in Stealth
   970 | D:2      | Noticed Sigmund
  1377 | D:2      | Got the Grimoire of Injurious Fog
  1380 | D:2      | Noticed Robin
  1548 | D:2      | Killed Sigmund
  1549 | D:2      | Reached skill level 9 in Stealth
  1549 | D:2      | Reached XP level 4. HP: 29/29 MP: 4/4
  1549 | D:2      | Reached XP level 5. HP: 34/34 MP: 5/5
  2159 | D:3      | Found a shadowy altar of Dithmenos.
  2162 | D:3      | Found a bloodstained altar of Trog.
  2180 | D:3      | Found a shimmering altar of Xom.
  2183 | D:3      | Found a shimmering blue altar of Sif Muna.
  2189 | D:3      | Became a worshipper of Dithmenos the Shadowed
  2199 | D:3      | Got Wenon's Teachings on Summoning and Transfiguration
  2517 | D:3      | Noticed Terence
  2547 | D:3      | Killed Terence
  2548 | D:3      | Reached XP level 6. HP: 34/41 MP: 6/6
  3071 | D:4      | Found a sand-covered staircase.
  3148 | Ossuary  | Entered an ossuary
  3168 | Ossuary  | Reached * piety under Dithmenos
  3389 | D:2      | Killed Robin
  3647 | D:4      | Identified the +1 shortbow "Jaciclad" {speed, rCorr Int+3}
  3830 | D:4      | You fall into a shaft and drop 3 floors!
  3873 | D:6      | Noticed a sky beast
  3884 | D:6      | Noticed a two-headed ogre
  3890 | D:6      | Killed a two-headed ogre
  3891 | D:6      | Reached skill level 11 in Stealth
  3891 | D:6      | Reached XP level 7. HP: 52/52 MP: 6/8
  3923 | D:5      | Entered Level 5 of the Dungeon
  4031 | D:5      | Reached XP level 8. HP: 27/58 MP: 9/9
  4191 | D:5      | Found Xazyq's Armour Boutique.
  4272 | D:5      | HP: 3/60 [poisoned by a scorpion]
  4723 | D:4      | Found a staircase to the Ecumenical Temple.
  5291 | D:6      | Noticed a troll
  5295 | D:6      | Killed a troll
  5296 | D:6      | Reached skill level 5 in Short Blades
  5296 | D:6      | Reached skill level 12 in Stealth
  5409 | D:6      | Reached ** piety under Dithmenos
  5616 | D:6      | Reached XP level 9. HP: 66/66 MP: 11/11
  5665 | D:6      | Found a blossoming altar of Fedhas.
  6179 | D:7      | Reached skill level 13 in Stealth
  6778 | D:7      | Reached skill level 5 in Fighting
  7066 | D:7      | Identified a scroll of acquirement
  7066 | D:7      | Acquired a manual of Dodging
  7168 | D:8      | Noticed Prince Ribbit
  7229 | D:8      | Killed Prince Ribbit
  7230 | D:8      | Reached skill level 5 in Dodging
  7369 | D:8      | Reached skill level 1 in Armour
  7449 | D:8      | Noticed Psyche
  7456 | D:8      | Killed Psyche
  7608 | D:8      | Reached *** piety under Dithmenos
  7753 | D:8      | Noticed a deep elf pyromancer
  7766 | D:8      | Killed a deep elf pyromancer
  7767 | D:8      | Reached skill level 1 in Shields
  7767 | D:8      | Reached XP level 10. HP: 76/76 MP: 13/13
  7962 | D:8      | Noticed a two-headed ogre
  7976 | D:8      | Killed a two-headed ogre
  8110 | D:8      | Gained mutation: Your system is resistant to poisons.
                  | (rPois) [potion of mutation]
  8110 | D:8      | Gained mutation: You possess an exceptional clarity of
                  | mind. [potion of mutation]
  8110 | D:8      | Lost mutation: You possess an exceptional clarity of mind.
                  | [potion of mutation]
  8145 | D:9      | Noticed a two-headed ogre
  8152 | D:9      | Reached skill level 5 in Invocations
  8172 | D:9      | Reached skill level 14 in Stealth
  8200 | D:9      | Killed a two-headed ogre
  8270 | D:9      | Noticed a five-headed hydra
  8277 | D:9      | Killed a five-headed hydra
  8480 | D:9      | Reached **** piety under Dithmenos
  8508 | D:9      | Found a runed translucent gate.
  8510 | D:9      | Found a runed translucent gate.
  8510 | D:9      | Found a runed translucent gate.
  8515 | D:9      | Noticed SirDiesAlot's ghost (novice OgVM)
  8625 | D:9      | Found Bulezoj's Book Boutique.
  8836 | D:9      | Found a hazy altar of Hepliaklqana.
  8916 | D:10     | Entered Level 10 of the Dungeon
  8941 | D:10     | Identified the ring of Piukam {rPois rF+ rC- rN+ Str+4}
  9140 | D:10     | Reached XP level 11. HP: 50/73 MP: 15/15
  9390 | D:10     | Found Asiurire's Magic Scroll Boutique.
  9436 | D:10     | Found a runed translucent gate.
  9436 | D:10     | Found a runed translucent gate.
  9439 | D:10     | Found a runed translucent gate.
  9442 | D:10     | Noticed petzl's ghost (novice FoDe)
  9506 | D:10     | Found a staircase to the Lair.
  9992 | D:11     | Reached skill level 15 in Stealth
 10296 | D:11     | Noticed a red ugly thing
 10311 | D:11     | Noticed an ogre mage
 10434 | Lair:1   | Entered Level 1 of the Lair of Beasts
 10434 | Lair:1   | Noticed a catoblepas
 10437 | Lair:1   | Killed a catoblepas
 10589 | Lair:1   | Noticed a skyshark
 10669 | Lair:1   | Reached skill level 10 in Dodging
 10963 | Lair:1   | Reached ***** piety under Dithmenos
 10999 | Lair:1   | Killed a skyshark
 11285 | D:11     | Identified the +3 troll leather armour "Foepotupu" {Regen+
                  | Int+2}
 11285 | D:11     | Noticed a wolf spider
 11299 | D:11     | Found the +5 demon whip "Spellbinder" {antimagic, disrupt,
                  | Will+}
 11300 | D:11     | Noticed a wizard
 11306 | D:11     | Noticed a skeletal warrior
 11336 | D:11     | Identified the staff of conjuration "Nisir" {Fragile rF+
                  | rN++ rCorr}
 11366 | D:11     | Reached XP level 12. HP: 91/91 MP: 17/17
 11445 | D:11     | Noticed a tengu warrior
 11746 | D:11     | Reached skill level 1 in Maces & Flails
 11878 | D:11     | Noticed a centaur warrior
 13708 | Lair:2   | Lost mutation: Your system is resistant to poisons. (rPois)
                  | [potion of mutation]
 13708 | Lair:2   | Gained mutation: You are strong-willed. (Will+) [potion of
                  | mutation]
 13708 | Lair:2   | Gained mutation: You are occasionally teleported next to
                  | monsters. [potion of mutation]
 13708 | Lair:2   | Gained mutation: You occasionally lose the ability to drink
                  | potions when taking damage. [potion of mutation]
 13708 | Lair:2   | Gained mutation: You are somewhat resistant to further
                  | mutation. [potion of mutation]
 13853 | D:11     | Killed a tengu warrior
 13858 | D:11     | Killed a centaur warrior
 13985 | D:11     | Noticed a boulder beetle
 13999 | D:11     | Killed a boulder beetle
 14447 | D:11     | Killed an ogre mage
 14448 | D:11     | Reached XP level 13. HP: 70/98 MP: 6/19
 15024 | Lair:2   | Reached skill level 10 in Short Blades
 15024 | Lair:2   | Reached skill level 5 in Maces & Flails
 15024 | Lair:2   | Reached skill level 5 in Throwing
 15024 | Lair:2   | Reached XP level 14. HP: 108/108 MP: 6/20
 15065 | Lair:3   | HP: 8/162 [eight-headed hydra (5)]
 15065 | Lair:3   | HP: 2/162 [eight-headed hydra (6)]
 15651 | Lair:3   | Found a staircase to the Swamp.
 15767 | Lair:3   | Noticed Sonja
 15859 | Lair:3   | Reached skill level 16 in Stealth
 15897 | Lair:3   | Killed Sonja
 16007 | Lair:3   | Found a staircase to the Snake Pit.
 16592 | Lair:4   | Lost mutation: You are occasionally teleported next to
                  | monsters. [potion of mutation]
 16592 | Lair:4   | Lost mutation: You are strong-willed. (Will+) [potion of
                  | mutation]
 16592 | Lair:4   | Lost mutation: You occasionally lose the ability to drink
                  | potions when taking damage. [potion of mutation]
 16947 | Lair:4   | Found a runed translucent door.
 16947 | Lair:4   | Found a viscous altar of Jiyva.
 16948 | Lair:4   | Found a staircase to the Slime Pits.
 17471 | Lair:5   | Entered Level 5 of the Lair of Beasts
 17763 | Lair:5   | Reached skill level 5 in Shields
 18614 | Lair:5   | Reached skill level 10 in Fighting
 18900 | Lair:5   | Lost mutation: You are somewhat resistant to further
                  | mutation. [potion of mutation]
 18900 | Lair:5   | Gained mutation: You are agile. (Dex +4, Str/Int -1)
                  | [potion of mutation]
 18900 | Lair:5   | Gained mutation: You are partially covered in iridescent
                  | scales. (AC +2) [potion of mutation]
 18955 | Lair:5   | Reached ****** piety under Dithmenos
 19483 | Lair:5   | Reached XP level 15. HP: 93/115 MP: 7/21
 19856 | D:11     | Found Cusi's Book Emporium.
 19860 | D:11     | Found Kasoklor's General Store.
 19937 | D:9      | Bought a manual of Maces & Flails for 1040 gold pieces
 20024 | D:11     | Found Tefil's Antique Armour Shop.
 20098 | D:11     | Found Debloriy's General Store.
 20101 | D:11     | Found a staircase to the Orcish Mines.
 20144 | D:11     | Found Silettor's Jewellery Boutique.
 20346 | D:11     | Found a large runed translucent door.
 20346 | D:11     | Found a large runed translucent door.
 20348 | D:11     | Noticed Maxmaps's ghost (journeyman DsMo)
 20634 | D:12     | Noticed Kirke
 20661 | D:12     | Killed Kirke
 21674 | D:13     | Reached skill level 10 in Maces & Flails
 21764 | D:13     | Found Guckimpaum's Jewellery Boutique.
 22010 | D:13     | Found Pucwudikh's Weapon Emporium.
 22043 | D:13     | Found Raasiymiali's Book Shop.
 22465 | D:13     | Found a gate to the Vaults.
 22678 | D:14     | Noticed Josephine
 22679 | D:14     | Noticed Frances
 22681 | D:14     | Killed Josephine
 22690 | D:14     | Killed Frances
 23117 | D:14     | Found Polaicw's Mass Market.
 23815 | Snake:1  | Entered Level 1 of the Snake Pit
 23860 | Snake:1  | Reached skill level 10 in Invocations
 23979 | Snake:1  | Reached skill level 17 in Stealth
 24133 | Snake:1  | Reached skill level 1 in Evocations
 24229 | Snake:1  | Reached skill level 15 in Dodging
 24683 | Snake:2  | Reached skill level 5 in Armour
 24683 | Snake:2  | Noticed Mlioglotl
 25439 | D:15     | Entered Level 15 of the Dungeon
 25458 | D:15     | Reached XP level 16. HP: 126/126 MP: 23/23
 25541 | D:15     | Found a stormy altar of Qazlal.
 25662 | D:14     | Upgraded the game from 0.30-a0-1160-g6e42c06551 to
                  | 0.30-a0-1161-g0704695555
 26085 | D:15     | Noticed Agnes
 26187 | D:15     | Noticed Rupert
 26191 | D:15     | Killed Rupert
 26288 | D:15     | Reached skill level 18 in Stealth
 26435 | D:15     | Learned a level 2 spell: Blink
 26469 | D:15     | Found a staircase to the Depths.
 26544 | D:15     | HP: 3/127 [Agnes/+2 lajatang of speed (14)]
 26546 | D:15     | Demolished by Agnes

Illustrated notes

Levels and vault maps discovered:
D:1:      ncdulo_halloftheorcs, layout_loops_cross
D:2:      layout_basic, uniq_robin, uniq_sigmund
D:3:      layout_loops_ring, grunt_temple_overflow_cloverleaf,
          kennysheep_cluttered_room, minmay_bisected, uniq_terence
D:4:      layout_basic, minmay_temple_entry_fiery, gup_ossuary_entry_pyramid
D:5:      layout_loops_cross, grunt_decor_one_mirror, nicolae_stop_n_shop_2,
          minmay_crystal_water
D:6:      layout_basic, fedhas_altar_2, serial_bayou_pond_b
D:7:      layout_basic, minmay_fountain_box
D:8:      layout_basic, mainiacjoe_overflow_cross_hatched,
          mainiacjoe_overflow_concentric_impassable, minmay_microvault,
          uniq_prince_ribbit1, uniq_psyche
D:9:      layout_basic, nicolae_hepliaklqana_monster_ancestors,
          gammafunk_ghost_spectres, serial_shops, shop
D:10:     layout_loops_ring, david_lair_shrubbed, gammafunk_ghost_necromancy,
          serial_shops, shop, minmay_stone_trees_small, nicolae_wwwww
D:11:     minmay_the_grid_octo_2x2 [minmay_the_grid_octo_toaster,
          minmay_the_grid_octo_focus, minmay_the_grid_octo_tetromino_candy,
          minmay_the_grid_octo_prize_star], layout_basic,
          minmay_orc_entry_guard_dogs, ebering_ghost_disaster_area,
          serial_shops, shop, nicolae_shop_just_a_little_nook,
          nicolae_shop_peninsula, shop, nicolae_shop_waterfront
D:12:     layout_rooms, serial_aquarium, aquarium_bridge_island_small
          [aquarium_subvault_small_open, aquarium_subvault_bridge,
          aquarium_subvault_wall, aquarium_subvault_bridge,
          aquarium_subvault_wall], aquarium_window_3, aquarium_window_fake,
          aquarium_window_2, aquarium_view_2f, aquarium_pool_S,
          lightli_corner_chamber, uniq_kirke
D:13:     layout_gridville, grunt_vaults_entry_tiered, serial_shops,
          nicolae_shop_just_a_little_nook, nicolae_shop_hallway_stairs, shop
D:14:     layout_basic, kennysheep_minor_cross, minmay_shop_mass, pf_eden,
          uniq_josephine, uniq_frances
D:15:     hangedman_depths_entry_civil_slaughter, layout_loops_ring,
          grunt_qazlal_clouds, uniq_rupert, uniq_agnes
Lair:1:   layout_gridlike, minivault_19, pdpol_lair_neglected_garden,
          serial_bayou_ford_a
Lair:2:   layout_cave_shapes, st_stairs_8
Lair:3:   layout_chaotic_city, swamp_mist, dummy_snake_entry, uniq_sonja
Lair:4:   layout_cave_pods, slime_entry_2, lemuel_old_faithful
Lair:5:   minmay_lair_end_enchanted_forest, layout_cave_pods,
          chequers_serial_rivers_small_b, grunt_megastairs_1
Snake:1:  layout_gridlike
Snake:2:  layout_basic, st_stairs_2, uniq_mlioglotl, uniq_asterion

Skill      XL: |  1  2  3  4  5  6  7  8  9 10 11 12 13 14 15 16 |
---------------+-------------------------------------------------+-----
Stealth        | 6 9 11 12 13 14 15 16 17 18 | 18.0
Fighting       | 2 3 4 5 6 7 8 9 10 11 | 11.9
Short Blades   | 3 4 5 6 7 8 9 10 | 10.1
Dodging        | 2 3 6 8 11 12 13 15 | 15.3
Throwing       | 2 3 4 5 6 |  6.5
Invocations    | 2 3 4 5 7 8 9 10 | 10.0
Armour         | 1 3 4 5 |  5.0
Shields        | 1 2 3 4 5 6 7 |  7.0
Maces & Flails | 4 5 8 11 | 11.1
Evocations     | 1 |  1.0

Action                     |  1- 3 |  4- 6 |  7- 9 | 10-12 | 13-15 | 16-18 || total
---------------------------+-------+-------+-------+-------+-------+-------++-------
  Melee: Dagger            |    74 |   187 |   502 |  1199 |   885 |   343 ||  3190
         Bite              |     4 |    23 |    60 |   210 |   348 |    66 ||   711
         Punch             |     1 |     4 |     7 |       |       |       ||    12
         Unarmed           |       |       |     3 |       |     3 |       ||     6
         Demon whip        |       |       |       |   100 |   994 |    18 ||  1112
  Throw: Dart              |     5 |    11 |    32 |    91 |    94 |     2 ||   235
         Stone             |       |     9 |       |       |       |       ||     9
         Throwing net      |       |     3 |     2 |     1 |       |       ||     6
         Boomerang         |       |       |     1 |     2 |    17 |       ||    20
         Javelin           |       |       |       |       |     3 |       ||     3
 Invoke: Shadow Step       |       |       |       |     1 |       |       ||     1
         Shadow Form       |       |       |       |     1 |       |       ||     1
Ability: Exsanguinate      |     1 |       |     1 |       |     1 |       ||     3
         Bat Form          |     1 |       |     1 |       |     1 |       ||     3
         Revivify          |     1 |       |     1 |       |     1 |       ||     3
         End Transformatio |     1 |       |       |       |     1 |       ||     2
  Evoke: Wand              |       |       |       |     5 |     8 |     2 ||    15
    Use: Potion            |       |     4 |     5 |    10 |    14 |     2 ||    35
         Scroll            |       |    11 |     5 |    13 |    17 |     1 ||    47
   Stab: Sleeping          |    18 |     7 |    20 |    29 |    51 |    10 ||   135
         Invisible         |       |     2 |     5 |     4 |       |       ||    11
         Held in net/web   |       |     4 |     1 |     1 |       |       ||     6
         Distracted        |       |     1 |     1 |     6 |     9 |       ||    17
         Paralysed         |       |       |       |     5 |     6 |       ||    11
 Armour: Robe              |    14 |    33 |       |       |       |       ||    47
         Leather armour    |       |     1 |    11 |       |       |       ||    12
         Troll leather arm |       |       |    50 |   167 |   295 |    27 ||   539
  Dodge: Dodged            |    41 |    87 |   228 |   886 |  1625 |   193 ||  3060
         Repelled          |       |       |       |       |    12 |     1 ||    13
  Block: Buckler           |       |       |    29 |   244 |   522 |    62 ||   857
         Kite shield       |       |       |       |       |       |     9 ||     9

Table legend: (Time is in decaauts)
 A = Elapsed time spent in this place.
 B = Non-inter-level travel time spent in this place.
 C = Inter-level travel time spent in this place.
 D = Time resting spent in this place.
 E = Time spent auto-exploring this place.
 F = Levels seen in this place.
 G = Mean time per level.
                   A        B        C        D        E       F      G
               +--------+--------+--------+--------+--------+-----+--------+
         Total |  25082 |  22613 |   2469 |    233 |  15923 |  23 | 1090.5 |
       Dungeon |  17071 |  15279 |   1792 |    156 |  10662 |  15 | 1138.1 |
          Lair |   7013 |   6419 |    594 |     77 |   4574 |   5 | 1402.6 |
     Snake Pit |    878 |    796 |     82 |      0 |    633 |   2 |  439.0 |
       Ossuary |    118 |    118 |      0 |      0 |     53 |   1 |  118.0 |
               +--------+--------+--------+--------+--------+-----+--------+

Top non-repeatable levels by time:
    D:10: 2218 daAuts
  Lair:5: 1873 daAuts
    D:11: 1807 daAuts
  Lair:1: 1701 daAuts
    D:14: 1376 daAuts
  Lair:3: 1243 daAuts
    D:13: 1225 daAuts
  Lair:4: 1182 daAuts
     D:4: 1161 daAuts
     D:2: 1126 daAuts
     D:6: 1026 daAuts
     D:8: 1015 daAuts
  Lair:2: 1011 daAuts
     D:3: 1003 daAuts
     D:9: 933 daAuts
